 Dungeon Crawl Stone Soup version 0.29-a0-575-g0dc89cf053 (webtiles) character file.

Game seed: 12679146773541944269

490 beeps the Shooter (level 7, 0/54 (58) HPs)
             Began as a Meteoran Wanderer on June 12, 2022.
             Was an Initiate of Ashenzari.
             Slain by a wight
             ... wielding a +4 great sword of freezing
              (4 damage)
             ... on level 5 of the Dungeon.
             The game lasted 00:23:42 (2395 turns).

beeps the Shooter (Meteoran Wanderer)               Turns: 2395, Time: 00:23:42

HP:   0/54 (58)     AC:  5    Str: 19    XL:     7   Next: 64%
MP:   8/8           EV: 12    Int: 12    God:    Ashenzari [......]
Gold: 258           SH:  5    Dex: 12    Spells: 5/6 levels left

rFire   . . .      SeeInvis .   a - +2 quarterstaff
rCold   . . .      Faith    .   (shield currently unavailable)
rNeg    . . .      Spirit   .   c - +0 ring mail
rPois   .          Reflect  +   (no helmet)
rElec   .          Harm     .   (no cloak)
rCorr   .          Rampage  .   (no gloves)
Will    .....                   (no boots)
Stlth   +.........              l - amulet of reflection
HPRegen 0.18/turn               (no ring)
MPRegen 0.11/turn               (no ring)

@: hasted, glowing, drained, very quick
A: sense surroundings 1, otherworldly, glowing, explore regen, hooves 1, wild
magic 1
a: Renounce Religion


You were on level 5 of the Dungeon.
You worshipped Ashenzari.
Ashenzari was noncommittal.
You visited 1 branch of the dungeon, and saw 6 of its levels.

You collected 258 gold pieces.

Inventory:

Hand Weapons
 a - a +2 quarterstaff (weapon)
 b - a +0 shortbow
Missiles
 m - 8 poisoned darts
 r - 6 atropa-tipped darts
Armour
 c - a +0 ring mail (worn)
Jewellery
 l - an amulet of reflection (around neck)
Scrolls
 f - a scroll of magic mapping {unknown}
 g - a scroll of enchant weapon {unknown}
 k - a scroll of vulnerability {unknown}
 n - 6 scrolls of teleportation {unknown}
 o - 2 scrolls of identify {unknown}
 q - a scroll of brand weapon {unknown}
 s - a scroll of noise {unknown}
 t - a scroll of poison {unknown}
Potions
 d - a potion of berserk rage
 e - a potion of mutation
 h - a potion of haste
 i - 2 potions of degeneration {unknown}
 j - a potion of curing {unknown}
 p - a potion of cancellation {unknown}
 u - a potion of heal wounds {unknown}


   Skills:
 + Level 3.7 Fighting
 - Level 4.1 Staves
 + Level 5.5 Bows
 - Level 3.0 Armour
 + Level 4.1 Dodging
 - Level 1.3 Stealth
 + Level 2.5 Ice Magic


You had 5 spell levels left.
You knew the following spells:

 Your Spells              Type           Power      Damage    Failure   Level
a - Freeze                Ice            28%        1d5       28%         1

Your spell library contained the following spells:

 Spells                   Type           Power      Damage    Failure   Level
 Frozen Ramparts          Ice            14%        1d3       61%         3
 Hailstorm                Conj/Ice       3%         3d3       98%         4


Dungeon Overview and Level Annotations

Branches:
Dungeon (6/15)
 Temple: D:4-7

Altars:
Ashenzari
Elyvilon
Fedhas
Kikubaaqudgha
Qazlal
Vehumet

Shops:
D:4 :(!   D:5 (   D:6 :

Annotations:
D:2 Sigmund
D:6 Blork the orc


Innate Abilities, Weirdness & Mutations

You passively map a small area around you.
You are easily found by Zot.
You glow in the dark.
You regain HP and MP as you explore.
You have large cloven feet.
Your spells are a little harder to cast, but a little more powerful.


Message History

A wight comes into view. It is wielding a +0 short sword.
An adder and 3 wights come into view.
A wight is wielding a +4 great sword of freezing.
You see here a sky beast corpse.
There is a dry fountain, spattered with blood here.
A wight opens the door.
The wight attacks as you move away!
The wight hits you with a +4 great sword of freezing!
The wight freezes you. The wight attacks as you move away!
The wight closely misses you. The wight attacks as you move away!
The wight barely misses you. The wight attacks as you move away!
You block the wight's attack. The wight attacks as you move away!
The wight closely misses you.
You see here an iguana skeleton.
The wight attacks as you move away! The wight barely misses you.
The wight attacks as you move away!
The wight hits you with a +4 great sword of freezing!
The wight freezes you.
There is a stone staircase leading up here.
The wight hits you with a +4 great sword of freezing.
You feel drained. The wight freezes you.
* * * LOW HITPOINT WARNING * * *
You climb upwards.
There is a stone staircase leading down here.
a - a +2 quarterstaff (weapon)
You closely miss the wight.
The wight hits you with a +4 great sword of freezing!
* * * LOW HITPOINT WARNING * * *
You feel drained.
* * * LOW HITPOINT WARNING * * *
The wight freezes you.
* * * LOW HITPOINT WARNING * * *
It was a potion of mutation.
You feel extremely strange.
You feel less in control of your magic.
Your feet thicken and deform.
The wight barely misses you.
It was a potion of haste.
You feel yourself speed up. You block the wight's attack.
Okay, then.
The wight hits you with a +4 great sword of freezing.
You die...

.# #.#######.....PP..# .#
#.........P...P...# .#
######..#.....P...# .#
##.......P.... .# #...P..PP.###
.######### #......P..###
.........#########
##.PP...P.....
#####..........z>#
#..P..PP....## #.##.#######@#
#..P..P.._..# #####.##..## #.#
#..P..PP....#
......##...#####.###..PP..PP...#
#########....<.........P..PP..##
########.[.....PP..P.##
######........# #....#####
######


You could see a wight.

Vanquished Creatures
  A sky beast (D:6)
  A phantom (D:6)
  2 scorpions (D:5)
  A jelly (D:4)
  A hound (D:6)
  2 iguanas
  An adder (D:3)
  2 white imps
  An ufetubus (D:4)
  2 worms (D:5)
  2 dart slugs
  5 orcs
  3 bats
  6 endoplasms
  3 giant cockroaches
  4 goblins
  2 hobgoblins (D:1)
  4 jackals
  2 quokkas
  4 ball pythons
  2 frilled lizards (D:1)
  5 kobolds
  3 rats
59 creatures vanquished.

Vanquished Creatures (others)
  16 plants (D:5)
16 creatures vanquished.

Grand Total: 75 creatures vanquished

Notes
Turn   | Place    | Note
-------+----------+-------------------------------------------
     0 | D:1      | beeps the Meteoran Wanderer began the quest for the Orb.
     0 | D:1      | beeps set off with the following items: a +2 quarterstaff,
                  | a +0 shortbow, a +0 ring mail, a potion of berserk rage
     0 | D:1      | Reached XP level 1. HP: 16/16 MP: 2/2
    70 | D:1      | Reached XP level 2. HP: 23/23 MP: 3/3
   158 | D:1      | Reached XP level 3. HP: 27/28 MP: 4/4
   328 | D:2      | Noticed Sigmund
   717 | D:3      | Reached XP level 4. HP: 36/36 MP: 5/5
   809 | D:4      | Found Riareur's Distillery.
   896 | D:4      | Reached skill level 1 in Stealth
   910 | D:4      | Found Osawappi's Antique Weapon Shop.
   944 | D:4      | Noticed an ice beast
   963 | D:4      | Reached XP level 5. HP: 26/42 MP: 6/6
  1079 | D:4      | Found Uckosik's Book Shop.
  1278 | D:5      | Entered Level 5 of the Dungeon
  1294 | D:5      | Found a stormy altar of Qazlal.
  1312 | D:5      | Learned a level 1 spell: Freeze
  1339 | D:5      | Found a white marble altar of Elyvilon.
  1413 | D:5      | Found a radiant altar of Vehumet.
  1531 | D:5      | Reached XP level 6. HP: 42/50 MP: 7/7
  1533 | D:5      | Found an ancient bone altar of Kikubaaqudgha.
  1534 | D:5      | Found a blossoming altar of Fedhas.
  1610 | D:5      | Reached skill level 5 in Bows
  1610 | D:5      | Reached skill level 1 in Ice Magic
  1893 | D:5      | Found Qogenuss's Weapon Shop.
  1955 | D:6      | Found Caogan's Self-Improvement Boutique.
  1962 | D:6      | Reached XP level 7. HP: 55/57 MP: 8/8
  2013 | D:6      | Noticed Blork the orc
  2162 | D:6      | Found a broken altar of Ashenzari.
  2190 | D:6      | Became a worshipper of Ashenzari the Shackled
  2393 | D:5      | Gained mutation: Your spells are a little harder to cast,
                  | but a little more powerful. [potion of mutation]
  2393 | D:5      | Gained mutation: You have large cloven feet. [potion of
                  | mutation]
  2395 | D:5      | Slain by a wight

Illustrated notes

Levels and vault maps discovered:
D:1:      scummos_arrival_hexagon, layout_basic,
          dreamdust_ecumenical_altar_hidden_monk_grotto, fountainhead
D:2:      layout_rooms, serial_forest, infiniplex_forest_corner_2,
          infiniplex_forest_straight_2, infiniplex_forest_clump_tiny,
          infiniplex_forest_straight_2, infiniplex_forest_end_double,
          infiniplex_forest_end_3, infiniplex_forest_clump_cross,
          infiniplex_forest_clump_small, uniq_sigmund
D:3:      layout_basic, hangedman_decor_clover_reticule, st_stairs_6,
          minmay_quantized
D:4:      layout_basic, serial_shops, nicolae_shop_trees,
          nicolae_take_the_stairs, nicolae_stop_n_shop_1
D:5:      layout_loops_ring, mainiacjoe_overflow_catch_the_wave,
          vehumet_crystals, grunt_temple_overflow_growth_and_decay,
          serial_shops, kennysheep_mini, kennysheep_dice
D:6:      layout_basic, evilmike_ruin_ashenzari, minmay_temple_entry_water_ring,
          serial_curves, eino_curves_01, eino_curves_04, eino_curves_04,
          eino_curves_01, nicolae_shop_self_help, uniq_edmund,
          uniq_blork_the_orc

Skill      XL: |  1  2  3  4  5  6  7 |
---------------+----------------------+-----
Dodging        | 2 3 4 |  4.1
Staves         | 4 |  4.1
Armour         | 2 3 |  3.0
Fighting       | 2 3 |  3.7
Stealth        | 1 |  1.3
Bows           | 5 |  5.5
Ice Magic      | 2 |  2.5

Action                   |  1- 3 |  4- 6 |  7- 9 || total
-------------------------+-------+-------+-------++-------
Melee: Quarterstaff      |    23 |    56 |    29 ||   108
 Fire: Shortbow          |    71 |    55 |     7 ||   133
  Use: Potion            |       |       |     2 ||     2
Armor: Ring mail         |    21 |    16 |    10 ||    47
Dodge: Dodged            |    18 |    28 |    12 ||    58
Block: Other             |       |    13 |     3 ||    16

Table legend: (Time is in decaauts)
 A = Elapsed time spent in this place.
 B = Non-inter-level travel time spent in this place.
 C = Inter-level travel time spent in this place.
 D = Time resting spent in this place.
 E = Time spent auto-exploring this place.
 F = Levels seen in this place.
 G = Mean time per level.
                   A        B        C        D        E       F      G
               +--------+--------+--------+--------+--------+-----+--------+
         Total |   2429 |   2140 |    289 |    128 |    489 |   6 |  404.8 |
       Dungeon |   2429 |   2140 |    289 |    128 |    489 |   6 |  404.8 |
               +--------+--------+--------+--------+--------+-----+--------+

Top non-repeatable levels by time:
     D:5: 724 daAuts
     D:3: 505 daAuts
     D:6: 398 daAuts
     D:4: 386 daAuts
     D:1: 304 daAuts
     D:2: 109 daAuts
